 Dungeon Crawl Stone Soup version 0.20.0-8-g6b59dc7 (webtiles) character file.

98 Kosschaser the Stinger (level 4, 0/24 HPs)
             Began as a Gargoyle Venom Mage on June 1, 2017.
             Slain by a centaur skeleton (4 damage)
             ... on level 4 of the Dungeon on June 2, 2017.
             The game lasted 00:17:56 (2827 turns).

Kosschaser the Stinger (Gargoyle Venom Mage)        Turns: 2827, Time: 00:17:57

Health: 0/24       AC:  7    Str: 12    XL:     4   Next: 69%
Magic:  8/8        EV: 12    Int: 15    God:
Gold:   174        SH:  0    Dex: 11    Spells: 5/8 levels left

rFire    + . .     SeeInvis .   s - -2 club (curse)
rCold    . . .     Gourm    .   (no shield)
rNeg     + . .     Faith    .   t - +0 leather armour
rPois    ∞         Spirit   .   (no helmet)
rElec    +         Reflect  .   x - +0 cloak
rCorr    .         Harm     .   (no gloves)
MR       .....                  (no boots)
Stlth    ++........             (no amulet)
Regen    0.1/turn               q - ring of protection from fire
MPRegen  0.2/turn               (no ring)

@: no status effects
A: negative energy resistance 1, electricity resistance, unbreathing,
petrification resistance, rot immunity, AC +3
a: no special abilities


You were on level 4 of the Dungeon.
You were not hungry.

You visited 1 branch of the dungeon, and saw 4 of its levels.

You collected 174 gold pieces.

Inventory:

Hand Weapons
 s - a cursed -2 club (weapon)
Armour
 t - a +0 leather armour (worn)
 x - a +0 cloak (worn)
Jewellery
 q - a ring of protection from fire (left hand)
Scrolls
 h - a scroll of blinking
 l - 4 scrolls of teleportation
 m - a scroll of amnesia
 p - a scroll of fear
 u - a scroll of fog
 v - a scroll of enchant armour
 w - a scroll of enchant weapon
 y - a scroll of recharging
Potions
 d - 2 potions of curing {unknown}
 e - a potion of flight {unknown}
 f - a potion of resistance {unknown}
 g - a potion of haste {unknown}
 j - a potion of degeneration {unknown}
 k - a potion of might {unknown}
Books
 b - a Young Poisoner's Handbook

   Spells                             Type                      Level
   a - Sting                          Conjuration/Poison           1
   b - Poisonous Vapours              Poison/Air                   2
   c - Mephitic Cloud                 Conjuration/Poison/Air       3
   d - Olgreb's Toxic Radiance        Poison                       4
   e - Venom Bolt                     Conjuration/Poison           5
 n - a book of Maledictions

   Spells                             Type                      Level
   a - Corona                         Hexes                        1
   b - Ensorcelled Hibernation        Hexes/Ice                    2
   c - Confuse                        Hexes                        3
   d - Tukima's Dance                 Hexes                        3
   e - Dazzling Spray                 Conjuration/Hexes            3
Comestibles
 a - a fruit
 c - 2 bread rations
 o - a royal jelly
 r - 2 meat rations


   Skills:
 + Level 0.7 Fighting
 + Level 2.1 Dodging
 - Level 2.2 Stealth
 - Level 0.8 Unarmed Combat
 + Level 2.9 Spellcasting
 + Level 1.5 Conjurations
 + Level 0.1 Air Magic
 + Level 3.7 Poison Magic


You had 5 spell levels left.
You knew the following spells:

 Your Spells              Type           Power        Failure   Level  Hunger
a - Sting                 Conj/Pois      ##..         9%          1    #......
b - Poisonous Vapours     Pois/Air       #.....       17%         2    ##.....


Dungeon Overview and Level Annotations

Branches:
Dungeon (4/15)
 Temple: D:4-7

Altars:
Ru


Innate Abilities, Weirdness & Mutations

You are resistant to torment.
Your stone body is resilient. (AC +3)
You are immune to poison.
You resist negative energy. (rN+)
You are resistant to electric shocks. (rElec)
You can survive without breathing.
You are immune to petrification.
You are immune to rotting.


Message History

The centaur skeleton hits you.
You hit the centaur skeleton but do no damage.
The centaur skeleton is severely damaged.
The centaur skeleton hits you.
The centaur skeleton closely misses you.
You hit the centaur skeleton but do no damage.
The centaur skeleton is severely damaged.
The centaur skeleton barely misses you. The centaur skeleton hits you.
* * * LOW HITPOINT WARNING * * *
The centaur skeleton hits you but does no damage.
The centaur skeleton hits you.
* * * LOW HITPOINT WARNING * * *
The centaur skeleton misses you.
The centaur skeleton closely misses you.
The centaur skeleton hits you but does no damage.
The centaur skeleton hits you but does no damage.
The centaur skeleton hits you.
* * * LOW HITPOINT WARNING * * *
The centaur skeleton hits you.
You die...

..... #.# ....#
#.# ...<# #.#
....# #.# .....
#.# ###### #.#
#.# #########.#
#..@Z.....#
#####.#########
.#####...#.#
.......<...#
######...###
#####


You could see a centaur skeleton.

Vanquished Creatures
  3 adders
  2 dart slugs
  3 leopard geckos
  4 giant cockroaches
  10 hobgoblins
  2 jackals (D:1)
  A quokka (D:3)
  A ball python (D:1)
  12 bats
  3 frilled lizards
  5 goblins
  8 kobolds
  6 rats
60 creatures vanquished.

Notes
Turn   | Place    | Note
-------+----------+-------------------------------------------
     0 | D:1      | Kosschaser the Gargoyle Venom Mage began the quest for the Orb.
     0 | D:1      | Reached XP level 1. HP: 10/10 MP: 3/3
   319 | D:1      | Reached XP level 2. HP: 9/15 MP: 0/5
   992 | D:1      | Reached XP level 3. HP: 19/19 MP: 3/6
  1333 | D:2      | Learned a level 2 spell: Poisonous Vapours
  1469 | D:2      | Reached XP level 4. HP: 18/24 MP: 0/7
  1528 | D:2      | Found a sacrificial altar of Ru.
  2606 | D:4      | Noticed an ogre
  2722 | D:4      | Noticed a phantom
  2827 | D:4      | Slain by a centaur skeleton

Skill      XL: |  1  2  3 |
---------------+----------+-----
Dodging        | 2 |  2.1
Fighting       | |  0.7
Stealth        | |  2.2
Unarmed Combat | |  0.8
Spellcasting   | |  2.9
Conjurations   | |  1.5
Air Magic      | |  0.1
Poison Magic   | |  3.7

Action                   |  1- 3 |  4- 6 || total
-------------------------+-------+-------++-------
Melee: Unarmed           |    68 |     5 ||    73
       Club              |       |    40 ||    40
 Cast: Sting             |    57 |    28 ||    85
       Poisonous Vapours |     1 |    11 ||    12
  Use: Scroll            |       |     8 ||     8
 Stab: Sleeping          |       |     1 ||     1
  Eat: Chunk             |     1 |     7 ||     8
Armor: Robe              |    53 |     2 ||    55
       Leather armour    |       |    30 ||    30
Dodge: Dodged            |   105 |    57 ||   162
